 Dungeon Crawl Stone Soup version 0.25.1-8-g42b30a86e7 (webtiles) character file.

Game seed: 11744018240792079904

2347 Descartes the Zephyrmancer (level 9, -12/45 HPs)
             Began as a Deep Elf Air Elementalist on Dec 12, 2020.
             Was an Initiate of Gozag.
             Mangled by a crocodile (14 damage)
             ... on level 7 of the Dungeon.
             The game lasted 00:22:05 (9715 turns).

Descartes the Zephyrmancer (DEAE)                   Turns: 9715, Time: 00:22:06

Health: -12/45     AC:  7    Str: 10    XL:     9   Next: 20%
Magic:  16/16      EV: 12    Int: 28    God:    Gozag
Gold:   897        SH:  0    Dex: 13    Spells: 6/14 levels left

rFire    . . .     SeeInvis +   L - +9 club
rCold    . . .     Gourm    .   (no shield)
rNeg     . . .     Faith    .   P - +2 leather armour "Yforhauczi" {Str+2}
rPois    .         Spirit   .   u - +1 helmet
rElec    .         Reflect  .   (no cloak)
rCorr    .         Harm     .   (no gloves)
MR       .....                  (no boots)
Stlth    +++.......             G - amulet "Ineeg" {RegenMP Str+3 Int+4 Dex-2}
HPRegen  0.15/turn              d - ring of see invisible
MPRegen  0.40/turn              n - ring of stealth

@: no status effects
A: no striking features
a: Potion Petition, Call Merchant, Bribe Branch, Renounce Religion


You were on level 7 of the Dungeon.
You worshipped Gozag.
Gozag was pleased with you.
You were not hungry.

You visited 2 branches of the dungeon, and saw 11 of its levels.
You also visited: Ossuary.

You collected 1113 gold pieces.
You spent 132 gold pieces at shops.
You paid 84 gold pieces to Gozag.

Inventory:

Hand Weapons
 g - a +0 dagger
 m - a +0 falchion
 w - a +0 vampiric hand axe
 L - a +9 club (weapon)
Missiles
 e - 226 stones (quivered)
 p - 80 bolts
 q - 55 sling bullets
 s - 3 atropa-tipped darts
 v - 63 arrows
 D - 4 poisoned darts
 F - 2 boomerangs of dispersal
Armour
 a - a +0 robe
 u - a +1 helmet (worn)
 P - the +2 leather armour "Yforhauczi" (worn) {Str+2}
   (You found it on level 9 of the Dungeon)

   It affects your strength (+2).
Magical Staves
 J - an uncursed staff of summoning {unknown}
Jewellery
 d - a ring of see invisible (left hand)
 i - an uncursed ring of wizardry {unknown}
 l - an uncursed ring of poison resistance
 n - a ring of stealth (right hand)
 y - an uncursed ring of ice
 C - an uncursed ring of ice
 G - the amulet "Ineeg" (around neck) {RegenMP Str+3 Int+4 Dex-2}
   (You found it on level 5 of the Dungeon)

   [amulet of magic regeneration]

   It increases your magic regeneration.
   It affects your strength (+3).
   It affects your intelligence (+4).
   It affects your dexterity (-2).
 H - an uncursed ring of protection from cold
 N - an uncursed amulet of magic regeneration {unknown}
 Q - an uncursed amulet of magic regeneration {unknown}
Wands
 t - a wand of flame (19)
 K - a wand of random effects (14)
 S - a wand of paralysis (9)
 T - a wand of enslavement (9)
Scrolls
 b - 3 scrolls of amnesia
 f - 3 scrolls of teleportation
 k - 2 scrolls of enchant weapon
 o - 3 scrolls of fear
 r - 3 scrolls of remove curse
 B - a scroll of immolation {unknown}
 E - 2 scrolls of identify
 M - 2 scrolls of enchant armour
Potions
 h - 8 potions of curing
 j - 4 potions of flight
 x - 7 potions of degeneration
 z - 2 potions of stabbing
 A - a potion of brilliance {unknown}
 I - 4 potions of haste
 O - a potion of invisibility
 R - a potion of cancellation
Comestibles
 c - 10 rations


   Skills:
 - Level 2.4 Dodging
 - Level 2.4 Stealth
 + Level 3.4 Spellcasting
 + Level 6.1 Conjurations
 + Level 11.2 Air Magic


You had 6 spell levels left.
You knew the following spells:

 Your Spells              Type           Power        Failure   Level  Hunger
a - Shock                 Conj/Air       ####         1%          1    None
b - Airstrike             Air            ######....   1%          4    ####...
c - Static Discharge      Conj/Air       ######..     1%          3    ##.....

Your spell library contained the following spells:

 Spells                   Type           Power        Failure   Level  Hunger
 Swiftness                Chrm/Air       #####...     1%          2    #......
 Lightning Bolt           Conj/Air       ######....   9%          5    ######.


Dungeon Overview and Level Annotations

Branches:
Dungeon (10/15)            Temple (1/1) D:7            Lair (0/6) D:9
Ossuary (visited)
    Orc: D:9-12

Altars:
Ashenzari
Cheibriados
Dithmenos
Elyvilon
Fedhas
Gozag
Hepliaklqana
Kikubaaqudgha
Makhleb
Nemelex Xobeh
Okawaru
Qazlal
Ru
Sif Muna
Trog
Uskayaw
Vehumet
Wu Jian
Xom
Yredelemnul
Zin
The Shining One

Shops:
D:5 ==%*:

Annotations:
D:3 1 runed translucent door, Crazy Yiuf
D:10 Grum


Message History

The crocodile bites you!
* * * LOW HITPOINT WARNING * * *
Casting: Shock (safe; 1% risk of failure)
Confirm with . or Enter, or press ? or * to list all spells.
Aiming: Shock (safe; 1% risk of failure)
Press: ? - help, Shift-Dir - straight line, f/p - crocodile
Aim: a crocodile (severely wounded)
The zap hits the crocodile.
The crocodile is severely wounded.
The crocodile bites you.
* * * LOW HITPOINT WARNING * * *
You feel better. The crocodile bites you!
* * * LOW HITPOINT WARNING * * *
Evoke which item? (* to show all) (? for menu, Esc to quit)
Aiming: Paralyse
Press: ? - help, Shift-Dir - straight line, f/p - crocodile
Aim: a crocodile (severely wounded, chance to defeat MR: 46%)
The crocodile resists with some effort.
The crocodile bites you!
You die...
Your body crumbles into a pile of gold.

P≈P.##)##..P..#
.≈...[.##..>P.#
.##......P....#######
###.####..P.P.......# #
#.##>.....#.#####.#
###.##.#.........##.#
........<.###.##.##.#
###.......###<##.##.#
#.............@t..######
#.##.##.#####..........#
#.##.# .# #.########.#
...... .. #. #.####
##.##### ## .. #....# ..
#.. ###...### .).
#.......# .... #.......#
#.......#


You could see a crocodile.

Vanquished Creatures
  Sigmund (D:3)
  A water moccasin (D:8)
  An ogre (D:5)
  A sky beast (D:4)
  A necrophage (D:9)
  2 phantoms
  4 bullfrogs
  A scorpion (D:6)
  2 howler monkeys (D:8)
  2 electric eels (D:7)
  6 crimson imps
  5 hounds
  An orc priest (D:7)
  4 jellies
  6 orc wizards
  2 iguanas
  Jessica (D:3)
  Terence (D:3)
  Ijyb (D:5)
  3 worker ants
  8 mummies (Ossuary)
  A hound zombie (D:5)
  A howler monkey skeleton (D:6)
  3 adders
  A shadow imp (D:8)
  7 oozes
  A worm (D:3)
  2 dart slugs
  2 leopard geckos
  15 orcs
  4 bats
  5 giant cockroaches
  8 goblins
  5 hobgoblins
  20 jackals
  6 quokkas
  2 ball pythons
  3 frilled lizards
  2 hobgoblin zombies (Ossuary)
  A jackal skeleton (D:8)
  13 kobolds
  2 kobold zombies (Ossuary)
  4 orc zombies (Ossuary)
  2 quokka zombies
  7 rats
171 creatures vanquished.

Notes
Turn   | Place    | Note
-------+----------+-------------------------------------------
     0 | D:1      | Descartes the Deep Elf Air Elementalist began the quest for
                  | the Orb.
     0 | D:1      | Reached XP level 1. HP: 10/10 MP: 6/6
   283 | D:1      | Reached XP level 2. HP: 15/15 MP: 5/8
   959 | D:1      | Reached XP level 3. HP: 19/19 MP: 7/9
  1597 | D:2      | Found a stormy altar of Qazlal.
  1620 | D:2      | Reached skill level 4 in Air Magic
  1650 | D:2      | Reached XP level 4. HP: 20/24 MP: 6/10
  2304 | D:2      | You fall into a shaft and drop 2 floors!
  2316 | D:4      | Reached XP level 5. HP: 25/28 MP: 4/11
  2575 | D:3      | Noticed Jessica
  2577 | D:3      | Killed Jessica
  2710 | D:3      | Noticed Sigmund
  2721 | D:3      | Killed Sigmund
  2721 | D:3      | Reached skill level 5 in Conjurations
  2721 | D:3      | Reached skill level 5 in Air Magic
  2721 | D:3      | Reached XP level 6. HP: 15/32 MP: 1/12
  3289 | D:3      | Noticed Terence
  3296 | D:3      | Killed Terence
  3359 | D:3      | Found a runed translucent door.
  3360 | D:3      | Noticed Crazy Yiuf
  4219 | D:4      | Noticed a sky beast
  4241 | D:4      | Learned a level 4 spell: Airstrike
  4266 | D:4      | Killed a sky beast
  4409 | D:4      | Found an iron altar of Okawaru.
  4444 | D:4      | Found a blossoming altar of Fedhas.
  4627 | D:4      | Reached skill level 6 in Air Magic
  4627 | D:4      | Reached XP level 7. HP: 36/36 MP: 9/13
  4960 | D:5      | Entered Level 5 of the Dungeon
  4982 | D:5      | Found Dyeffih's Assorted Antiques.
  4990 | D:5      | Bought a scroll labeled ORAESS YXOEC for 27 gold pieces
  4990 | D:5      | Bought a scroll labeled ORAESS YXOEC for 27 gold pieces
  4990 | D:5      | Bought a silvery potion for 24 gold pieces
  4990 | D:5      | Bought a scroll labeled UDGHAN WAW SOVE for 27 gold pieces
  4990 | D:5      | Bought a scroll labeled HALUOTZYSUO for 27 gold pieces
  5019 | D:5      | Found Okkuex's Book Shoppe.
  5030 | D:5      | Found Rowedugg's Food Shop.
  5058 | D:5      | Found an opulent altar of Gozag.
  5339 | D:5      | Found Sophiorch's Jewellery Boutique.
  5345 | D:5      | Got a warped bronze amulet
  5350 | D:5      | Identified the amulet "Ineeg" {RegenMP Str+3 Int+4 Dex-2}
                  | (You found it on level 5 of the Dungeon)
  5489 | D:5      | Reached skill level 7 in Air Magic
  5546 | D:5      | Found Wiapoxu's Jewellery Shoppe.
  5765 | D:5      | Found a white marble altar of Elyvilon.
  5857 | D:5      | Became a worshipper of Gozag Ym Sagoz the Greedy
  6125 | D:5      | Noticed Ijyb
  6138 | D:5      | Killed Ijyb
  6668 | D:6      | Reached skill level 8 in Air Magic
  6768 | D:6      | Reached XP level 8. HP: 40/41 MP: 7/14
  7081 | D:6      | Reached skill level 9 in Air Magic
  7248 | D:6      | You fall into a shaft and drop 3 floors!
  7377 | D:9      | Got a smoking leather armour
  7390 | D:9      | Identified the +2 leather armour "Yforhauczi" {Str+2} (You
                  | found it on level 9 of the Dungeon)
  7785 | D:10     | Entered Level 10 of the Dungeon
  7785 | D:10     | Noticed Grum
  7947 | D:8      | Found a sacrificial altar of Ru.
  7963 | D:8      | Reached skill level 10 in Air Magic
  8237 | D:8      | Found a sand-covered staircase.
  8242 | Ossuary  | Entered an ossuary
  8371 | Ossuary  | Reached XP level 9. HP: 45/45 MP: 10/15
  8399 | Ossuary  | Learned a level 3 spell: Static Discharge
  9063 | D:7      | Found a staircase to the Ecumenical Temple.
  9099 | D:7      | Reached skill level 11 in Air Magic
  9423 | Temple   | Entered the Ecumenical Temple
  9712 | D:7      | HP: 2/45 [crocodile (15)]
  9715 | D:7      | Mangled by a crocodile

Illustrated notes

Levels and vault maps discovered:
D:1:      dpeg_arrival_radiant, layout_basic, minmay_tetromino_t4
D:2:      layout_basic, lemuel_coloured_pillars_altar
D:3:      layout_basic, uniq_jessica, uniq_sigmund, uniq_crazy_yiuf_cottage,
          uniq_terence
D:4:      layout_basic, lemuel_crystal_altar, fedhas_altar_3
D:5:      layout_basic, old_standard_altar, grunt_gozag_statues, serial_shops,
          nicolae_shop_overgrown_old_shop, nicolae_shop_waterfront, shop, shop,
          kennysheep_mini_moat, first_ration, uniq_ijyb
D:6:      layout_gridville
D:7:      black_bear_nest_2, layout_loops_cross, minmay_temple_entry_overgrown,
          serial_bayou_lagoon_a
D:8:      layout_loops_cross, nicolae_ossuary_entry_ruins,
          hangedman_little_slice_of_home, lemuel_statue_altar
D:9:      layout_long_grid, david_lair_shrubbed, serial_rivers,
          chequers_serial_rivers_micro_e, chequers_serial_rivers_large_b,
          chequers_serial_rivers_micro_e, chequers_serial_rivers_micro_e,
          chequers_serial_rivers_micro_e, chequers_serial_rivers_room_a
D:10:     layout_roguey, special_room [special_room_orc],
          hangedman_decor_peaks_small, chequers_serial_rivers_small_3, uniq_grum
Temple:   minmay_crystal_spiral_temple

Skill      XL: |  1  2  3  4  5  6  7  8  9 |
---------------+----------------------------+-----
Conjurations   | 2 3 5 6 |  6.1
Air Magic      | 4 5 6 8 10 11 | 11.2
Dodging        | |  2.4
Stealth        | |  2.4
Spellcasting   | |  3.4

Action                   |  1- 3 |  4- 6 |  7- 9 || total
-------------------------+-------+-------+-------++-------
Melee: Unarmed           |     5 |       |       ||     5
       Dagger            |    12 |       |       ||    12
       Falchion          |       |     4 |       ||     4
 Cast: Shock             |    69 |   103 |   304 ||   476
       Airstrike         |       |     2 |     5 ||     7
Evoke: Wand              |       |       |     1 ||     1
  Use: Scroll            |       |       |    16 ||    16
       Potion            |       |       |     2 ||     2
  Eat: Chunk             |     2 |     8 |     4 ||    14
       Ration            |       |       |     4 ||     4
Armor: Robe              |     6 |     5 |     4 ||    15
       Leather armour    |       |       |     9 ||     9
Dodge: Dodged            |    19 |    21 |    47 ||    87
       Rpst.: Falchion   |       |     3 |     3 ||     6
